cohdb
Replays
Latest Replays
All Replays
Popular Replays
Top Player Replays
Match Explorer
How It Works
Community
CoH3 Stats
Reddit
Sign in to upload your games and track your stats! →
Sign in with Steam
Match 42586895
Unlisted
Match 42586895
Overview
Messages
Build Orders
End
Pioneer Squad
Construct Infanterie Kompanie
Selects Breakthrough Battlegroup
Selects Breakthrough Battlegroup
Selects Assault Grenadiers
MG 42 Machine Gun Team
Grenadier Squad
GrW 34 Mortar Team
Infanterie Officer Quarters
Construct Luftwaffe Kompanie
Selects Smoke Bombing Run
Jäger Squad
Jäger Squad
Selects Mechanized Assault Group
Mechanized Assault Group
Construct Panzer Kompanie
Luftwaffe Officer Quarters
Selects Rapid Production
Panzer IV Medium Tank
Smoke Bombing Run
Selects Blitzkrieg
Panzer IV Medium Tank
Medical Bunker
Panzer IV Medium Tank
Side Skirts
Panzer Officer Quarters
Pioneer Squad
Selects Tiger Heavy Tank
Tiger Heavy Tank
Dellan Dancing Dirty!
Bartolini ce
Quack
dan legend
Gambit
hong_0002
0
0
Comments
sign in to comment!
No comments posted yet!